 Dungeon Crawl Stone Soup version 0.30-b1-2-g02819fbbbe (webtiles) character file.

Game seed: 2241874493750844170

193 MirrMurr the Trooper (level 5, 0/33 HPs)
             Began as a Gargoyle Berserker on May 20, 2023.
             Was a Believer of Trog.
             Slain by Sigmund
             ... wielding a +0 scythe
              (3 damage)
             ... on level 3 of the Dungeon.
             The game lasted 00:05:14 (2271 turns).

MirrMurr the Trooper (Gargoyle Berserker)           Turns: 2271, Time: 00:05:15

Health: 0/33       AC: 13    Str: 22    XL:     5   Next: 72%
Magic:  5/5        EV:  9    Int:  8    God:    Trog [**....]
Gold:   138        SH:  0    Dex:  9    Spells: 4/4 levels left

rFire   . . .        a - +0 spear
rCold   . . .        (no shield)
rNeg    + . .        e - +0 chain mail
rPois   ∞            (no helmet)
rElec   +            (no cloak)
rCorr   .            (no gloves)
SInv    .            (no boots)
Will    .....        (no amulet) Stlth
                     (no ring)
HPRegen 0.25/turn    (no ring)
MPRegen 0.09/turn

%: no passive effects
@: on berserk cooldown
A: sickness immunity, AC +4, negative energy resistance 1, electricity
resistance, torment resistance 1, petrification resistance
a: Renounce Religion, Berserk, Trog's Hand


You were on level 3 of the Dungeon.
You worshipped Trog.
Trog was pleased with you.
You visited 1 branch of the dungeon, and saw 3 of its levels.

You collected 138 gold pieces.

Inventory:

Hand Weapons
 a - a +0 spear (weapon)
Missiles
 d - 2 javelins (quivered)
 f - 30 stones
Armour
 b - a +0 animal skin
 e - a +0 chain mail (worn)
Scrolls
 c - a scroll of enchant weapon
 h - a scroll of teleportation
 i - a scroll of identify


   Skills:
 + Level 4.0 Fighting
 * Level 4.0 Polearms
 + Level 1.3 Throwing
 + Level 3.2 Armour
 + Level 2.3 Dodging


You had 4 spell levels left.
You didn't know any spells.
Your spell library was empty.

Dungeon Overview and Level Annotations

Branches:
Dungeon (3/15)

Altars:

Shops:
D:1 =

Annotations:
D:3 Sigmund


Innate Abilities, Weirdness & Mutations

You are immune to sickness and miasma.
Your stone body is resilient. (AC +4)
You are immune to poison.
You resist negative energy. (rN+)
You are resistant to electric shocks. (rElec)
You are resistant to unholy torment.
You are immune to petrification.


Message History

You hear some strange, mumbled words.
You are more confused.
Something hits you but does no damage.
You miss something.
You hear some strange, mumbled words.
Something tries to affect you, but you resist.
You bump into the rock wall.
Something hits you.
* * * LOW HITPOINT WARNING * * *
You bump into the rock wall.
Something hits you.
* * * LOW HITPOINT WARNING * * *
Something hits you but does no damage.
You feel much better.
You feel less confused.
Sigmund appears from thin air!
Reactivating autopickup.
Sigmund casts a spell at you. The magic dart hits you.
Sigmund hits you from afar with a +0 scythe.
You feel yourself speed up.
Sigmund drinks a potion.
Sigmund flickers and vanishes!
Deactivating autopickup; reactivate with Ctrl-A.
You miss something. Something hits you!
* * * LOW HITPOINT WARNING * * *
You closely miss something. You punch something. You closely miss something.
Something hits you but does no damage.
You hit something but do no damage. You closely miss something.
Something hits you.
* * * LOW HITPOINT WARNING * * *
You closely miss something. Something hits you but does no damage.
You closely miss something. You closely miss something.
You hear some strange, mumbled words.
Something tries to affect you, but you resist.
You barely miss something. Something hits you but does no damage.
You miss something. You puncture something!
You hear some strange, mumbled words.
Something tries to affect you, but you resist.
You closely miss something. Something hits you.
You die...

#### ..# #
#.###########
#.##.##.....{@.#
#.......######.#####
####.###### #.....##
#.####.......#
##<....##
.............#
##.......##
..##.#.......#
#.........#
#.#.......#
#.........#
#.#.......#
#.........#
#.#.@.....#
##.......##


There were no monsters in sight!

Vanquished Creatures
  Terence (D:2)
  Jessica (D:2)
  4 gnolls
  5 adders
  2 worms (D:2)
  A dart slug (D:1)
  An orc (D:3)
  6 endoplasms
  A giant cockroach (D:1)
  2 hobgoblins (D:1)
  9 jackals
  3 ball pythons
  2 bats (D:1)
  3 frilled lizards (D:1)
  4 goblins
  4 kobolds
  6 rats
55 creatures vanquished.

Notes
Turn   | Place    | Note
-------+----------+-------------------------------------------
     0 | D:1      | MirrMurr the Gargoyle Berserker began the quest for the
                  | Orb.
     0 | D:1      | Reached XP level 1. HP: 14/14 MP: 1/1
    52 | D:1      | Reached XP level 2. HP: 11/19 MP: 2/2
   118 | D:1      | Found Etycvogh's Jewellery Emporium.
   287 | D:1      | Reached XP level 3. HP: 23/23 MP: 3/3
   494 | D:1      | Found a faded altar of an unknown god.
   605 | D:1      | Reached ** piety under Trog
   899 | D:2      | Reached XP level 4. HP: 24/29 MP: 4/4
   960 | D:2      | Noticed Terence
   978 | D:2      | Killed Terence
  1085 | D:2      | Reached skill level 1 in Throwing
  1316 | D:2      | Reached XP level 5. HP: 33/33 MP: 5/5
  1613 | D:2      | Noticed Jessica
  1676 | D:2      | Killed Jessica
  2100 | D:3      | Noticed Sigmund
  2271 | D:3      | Slain by Sigmund

Illustrated notes

Levels and vault maps discovered:
D:1:      heliophobic_arrival_glass_houses, layout_rooms, serial_corexii_hall,
          corexii_hall_statues_x, corexii_hall_statues_x, serial_shops, shop,
          hellmonk_ecumenical_altar_heavens_door
D:2:      layout_rooms, serial_corexii_hall, corexii_hall_statues_l,
          corexii_hall_statues_i, chequers_hall_statues_wall_a,
          corexii_hall_statues_x, chequers_hall_statues_wall_a,
          corexii_hall_statues_deadend, uniq_terence, uniq_jessica
D:3:      layout_loops_cross, amcnicky_altar_gilded, serial_shops, shop_statue,
          uniq_grinder, uniq_sigmund

Skill      XL: |  1  2  3  4  5 |
---------------+----------------+-----
Polearms       | 3 4 |  4.0
Dodging        | 2 |  2.3
Armour         | 3 |  3.2
Throwing       | 1 |  1.3
Fighting       | 4 |  4.0

Action                     |  1- 3 |  4- 6 || total
---------------------------+-------+-------++-------
  Melee: Spear             |   142 |   155 ||   297
         Punch             |       |     2 ||     2
 Invoke: Berserk           |       |     2 ||     2
    Use: Scroll            |       |     4 ||     4
         Potion            |       |     1 ||     1
 Armour: Animal skin       |    24 |       ||    24
         Ring mail         |    33 |     3 ||    36
         Chain mail        |       |    80 ||    80
         Scale mail        |       |     6 ||     6
  Dodge: Dodged            |    62 |    45 ||   107
